 Dungeon Crawl Stone Soup version 0.31.0-4-g52a2dc7128 (webtiles) character file.

Game seed: 4371360909609417250

459 Hopman the Shield-Bearer (level 6, -3/52 (56) HPs)
             Began as a Minotaur Fighter on Jan 22, 2024.
             Slain by a hell rat (8 damage)
             ... in a sewer.
             The game lasted 00:03:52 (1514 turns).

Hopman the Shield-Bearer (Minotaur Fighter)         Turns: 1514, Time: 00:03:52

HP:   -3/52 (56)    AC: 12    Str: 23    XL:     6   Next: 78%
MP:   5/5           EV:  6    Int:  5    God:
Gold: 200           SH: 10    Dex:  9    Spells: 5/5 levels left

rFire   . . .        a - +0 war axe
rCold   . . .        c - +0 buckler
rNeg    . . .        f - +0 plate armour
rPois   .            (helmet restricted)
rElec   .            (no cloak)
rCorr   .            (no gloves)
SInv    .            (no boots)
Will    .....        d - amulet of reflection Stlth
                     (no ring)
HPRegen 0.28/turn    (no ring)
MPRegen 0.09/turn

%: reflection
@: drained
A: horns 2, retaliatory headbutt
a: no special abilities


You were in a sewer.
You visited 1 branch of the dungeon, and saw 3 of its levels.
You also visited: Sewer.

You collected 200 gold pieces.

Inventory:

Hand Weapons
 a - a +0 war axe (weapon)
Armour
 b - a +0 scale mail
 c - a +0 buckler (worn)
 f - a +0 plate armour (worn)
Jewellery
 d - an amulet of reflection (around neck)
Scrolls
 e - 3 scrolls of identify
 g - a scroll of teleportation
Potions
 h - a potion of magic {unknown}
 i - a potion of lignification
 j - a potion of curing {unknown}
 k - a potion of brilliance {unknown}
 l - a potion of enlightenment {unknown}


   Skills:
 + Level 5.5 Fighting
 + Level 4.8 Axes
 + Level 5.6 Armour
 + Level 5.6 Shields


You had 5 spell levels left.
You didn't know any spells.
Your spell library contained the following spells:

 Spells                   Type           Power      Damage    Failure   Level
 Freeze                   Ice            0%         1d3       100%        1
 Frozen Ramparts          Ice            0%         1d1       100%        3
 Hailstorm                Conj/Ice       0%         3d5       100%        3


Dungeon Overview and Level Annotations

Branches:
Dungeon (3/15)              Sewer (1/1)

Altars:


Innate Abilities, Weirdness & Mutations

You have a pair of horns on your head.
You reflexively headbutt those who attack you in melee.


Message History

You start waiting.
Done waiting.
You enter the shallow water.
Moving in this stuff is going to be slow.
You enter the shallow water.
Moving in this stuff is going to be slow.
You enter the shallow water.
Moving in this stuff is going to be slow.
You enter the shallow water.
Moving in this stuff is going to be slow.
As you open the door, it creaks loudly!
A hell rat comes into view.
The hell rat roars deafeningly!
Found four items.
Found a gate leading back out of this place.
Found a granite talisman and 3 bubbling orange potions.
There is an open door here.
You block the hell rat's attack.
You barely miss the hell rat. Your headbutt misses the hell rat.
The hell rat bites you!
You hit the hell rat.
You headbutt the hell rat, but do no damage.
The hell rat is moderately wounded.
The hell rat bites you! x2; You feel drained.
You hit the hell rat but do no damage.
The hell rat is moderately wounded.
The hell rat splashes around in the water.
You hit the hell rat but do no damage.
The hell rat is lightly wounded.
The hell rat bites you!
* * * LOW HITPOINT WARNING * * *
You feel drained.
* * * LOW HITPOINT WARNING * * *
The hell rat splashes around in the water.
Okay, then.
Okay, then.
You barely miss the hell rat.
The hell rat is lightly wounded.
The hell rat bites you!
You die...

#########
###÷÷†∩.~~###
#.~~÷÷∩~~~~~###
#..~~~#####~....#
#~.~###?∩!###~.~##
#~~~##~!!!%!.##~..#
#~.~#~~~~~~..~#.~~#
#.. #~~~~~~~##.~.#
## . #@r~###..~##
....##'##.~~..#
#~.~~.~~...~###
###~~~~..~###
#########


You could see a hell rat.

Vanquished Creatures
  Sigmund (D:2)
  A phantom (D:2)
  A hound (D:2)
  Jessica (D:2)
  Terence (D:2)
  An adder (D:2)
  6 river rats (Sewer)
  3 dart slugs
  2 ribbon worms
  3 endoplasms
  4 giant cockroaches
  3 goblins
  2 hobgoblins
  2 quokkas (D:1)
  8 ball pythons
  8 bats
  4 frilled lizards
  6 kobolds
  12 rats
69 creatures vanquished.

Notes
Turn   | Place    | Note
-------+----------+-------------------------------------------
     0 | D:1      | Hopman the Minotaur Fighter began the quest for the Orb.
     0 | D:1      | Reached XP level 1. HP: 19/19 MP: 0/0
   223 | D:1      | Reached XP level 2. HP: 26/27 MP: 1/1
   593 | D:2      | Reached XP level 3. HP: 32/33 MP: 2/2
   649 | D:2      | Noticed Jessica
   651 | D:2      | Noticed Sigmund
   660 | D:2      | Killed Sigmund
   661 | D:2      | Reached XP level 4. HP: 28/41 MP: 3/3
   661 | D:2      | Reached XP level 5. HP: 32/47 MP: 4/4
   661 | D:2      | Killed Jessica
   662 | D:2      | Reached skill level 5 in Fighting
   662 | D:2      | Reached skill level 5 in Armour
   662 | D:2      | Reached skill level 5 in Shields
  1056 | D:2      | Noticed Terence
  1063 | D:2      | Killed Terence
  1064 | D:2      | Reached XP level 6. HP: 53/56 MP: 5/5
  1191 | D:3      | Found a glowing drain.
  1251 | Sewer    | Entered a sewer
  1514 | Sewer    | Slain by a hell rat

Illustrated notes

Levels and vault maps discovered:
D:1:      amcnicky_arrival_abandoned_market, layout_basic
D:2:      minmay_wonky_spiral, layout_rooms, uniq_sigmund, uniq_terence,
          uniq_jessica
D:3:      layout_rooms, hellmonk_ecumenical_altar_run_dry, serial_shops,
          nicolae_shop_dealshenge, shop, shop,
          mainiacjoe_sewer_entry_somewhere_in_here_1, st_stairs_1,
          chequers_serial_rivers_small_b
Sewer:    sewer_hellmonk_bad_rat

Skill      XL: |  1  2  3  4  5 |
---------------+----------------+-----
Fighting       | 4 5 |  5.5
Armour         | 4 5 |  5.6
Shields        | 4 5 |  5.6
Axes           | 3 4 |  4.8

Action                     |  1- 3 |  4- 6 || total
---------------------------+-------+-------++-------
  Melee: War axe           |    56 |    79 ||   135
         Headbutt          |     5 |    12 ||    17
    Use: Potion            |     1 |       ||     1
         Scroll            |       |     3 ||     3
 Armour: Scale mail        |    53 |     5 ||    58
         Plate armour      |       |    61 ||    61
  Dodge: Dodged            |    23 |    24 ||    47
  Block: Buckler           |    16 |    39 ||    55
         Reflection        |       |     1 ||     1
